 Dungeon Crawl Stone Soup version 0.16-a0-3920-g0a6a257 (console) character file.

462055 Fusha the Ninja (level 23, -14/128 HPs)
             Began as a Spriggan Gladiator on Feb 1, 2015.
             Was the Champion of Dithmenos.
             Blown up by a lich (45 damage)
             ... with a wavering orb of destruction
             ... on level 1 of the Tomb of the Ancients on Feb 4, 2015.
             The game lasted 07:15:37 (73706 turns).

Fusha the Ninja (Spriggan Gladiator)               Turns: 73706, Time: 07:15:37

Health: -14/128    AC: 26    Str: 15    XL:     23   Next: 9%
Magic:  33/33      EV: 43    Int:  8    God:    Dithmenos [******]
Gold:   4186       SH: 12    Dex: 26    Spells: 6 memorised, 18 levels left

rFire  . . .     SeeInvis +     a - +9 quick blade (protect)
rCold  . . .     Clarity  .     F - +4 swamp dragon armour of the Tick {rPois+ Regen+ Int+3} (curse)
rNeg   + + .     SustAb   .     E - +3 buckler {AC+3}
rPois  +         Gourm    .     Z - +0 hat "Oqacoz" {rElec rF- rCorr Str+4 Int-5}
rElec  +         Spirit   .     o - +4 cloak of Insatiable Hunger {rF+ MR+} (curse)
rCorr  +         Warding  +     (gloves unavailable)
rMut   .         NoTele   +     (boots unavailable)
MR     +++++                    h - amulet of Cekugob {Ward -Tele rElec rPois+ rN++ AC+1 EV+1} (curse)
Stlth  ++++++++++               A - +5 ring of slaying
                                x - +3 ring of slaying

@: wreathed by umbra, very quick, almost entirely resistant to hostile
enchantments, uncannily stealthy
A: unfitting armour, see invisible, herbivore 3, speed 3, low mp 1, poison
resistance, slow metabolism 2, MP-powered wands 1
a: Shadow Step, Shadow Form, Renounce Religion
}: 3/15 runes: serpentine, barnacled, slimy


You were on level 1 of the Tomb of the Ancients.
You worshipped Dithmenos.
Dithmenos was exalted by your worship.
You were very full.

You visited 12 branches of the dungeon, and saw 55 of its levels.
You also visited: Trove, Ossuary, Ice Cave and Volcano.

You collected 6430 gold pieces.
You spent 1945 gold pieces at shops.

Inventory:

Hand weapons
 a - a +9 quick blade of protection (weapon)
 z - the +5 dagger of Houdei {freeze, Int+2 Stlth+}
   (You found it on level 6 of the Pits of Slime)

   It has been specially enchanted to freeze those struck by it, causing extra
   injury to most foes and up to half again as much damage against particularly
   susceptible opponents.
   It can also slow down cold-blooded creatures.
   It affects your intelligence (+2).
   It makes you more stealthy.
 R - a cursed +3 hunting sling
Missiles
 d - 23 throwing nets (quivered)
 s - 25 exploding sling bullets
Armour
 c - the cursed -5 robe of Misfortune {-Cast Contam *Tele EV-4 Str-2 Int-2 Dex-2 Stlth-- Curse, unknown}
   (You took it off a mummy priest on level 1 of the Tomb of the Ancients)

   It affects your evasion (-4).
   It affects your strength (-2).
   It affects your intelligence (-2).
   It affects your dexterity (-2).
   It prevents spellcasting.
   It causes random teleportation.
   It may recurse itself when equipped.
   It causes magical contamination when unequipped.
   It makes you much less stealthy.
   It has a curse placed upon it.
 o - the cursed +4 cloak of Insatiable Hunger (worn) {rF+ MR+}
   (You found it in a treasure trove)

   It protects you from fire.
   It affects your resistance to hostile enchantments.
   It has a curse placed upon it.
 E - a +3 buckler of protection (worn)
 F - the cursed +4 swamp dragon armour of the Tick (worn) {rPois+ Regen+ Int+3}
   (You found it on level 5 of the Shoals)

   It affects your intelligence (+3).
   It protects you from poison.
   It increases your rate of regeneration.
   It has a curse placed upon it.
 U - a +2 hat of magic resistance
 Z - the +0 hat "Oqacoz" (worn) {rElec rF- rCorr Str+4 Int-5}
   (You acquired it on level 5 of the Snake Pit)

   It affects your strength (+4).
   It affects your intelligence (-5).
   It makes you vulnerable to fire.
   It insulates you from electricity.
   It protects you from acid and corrosion.
Jewellery
 h - the cursed amulet of Cekugob (around neck) {Ward -Tele rElec rPois+ rN++ AC+1 EV+1}
   (You took it off a deep elf demonologist on level 3 of the Elven Halls)

   [amulet of warding]

   It may prevent the melee attacks of summoned creatures.
   It affects your AC (+1).
   It affects your evasion (+1).
   It insulates you from electricity.
   It protects you from poison.
   It greatly protects you from negative energy.
   It prevents most forms of teleportation.
   It has a curse placed upon it.
 i - an uncursed ring of stealth
 j - an uncursed amulet of guardian spirit
 q - an uncursed amulet of clarity
 t - an uncursed amulet of resist mutation
 x - a +3 ring of slaying (left hand)
 A - a +5 ring of slaying (right hand)
 H - a cursed ring of fire
 I - the ring of Gahaz {SustAb rC++}
   (You found it on level 5 of the Shoals)

   [ring of sustain abilities]

   It sustains your strength, intelligence and dexterity.
   It greatly protects you from cold.
 P - an uncursed ring of stealth
Magical devices
 D - a wand of cold (5)
 G - a wand of paralysis (11)
 L - a wand of lightning (4)
 S - a wand of teleportation (7)
 Y - a wand of disintegration (12)
Scrolls
 b - a scroll of remove curse
 f - 10 scrolls of fog
 g - a scroll of brand weapon
 k - 3 scrolls of torment
 r - 7 scrolls of blinking
 u - 5 scrolls of recharging
 N - 6 scrolls of magic mapping
 Q - a scroll of holy word
 W - 4 scrolls of silence
 X - 6 scrolls of fear
Potions
 e - 5 potions of might
 l - 13 potions of heal wounds
 n - 14 potions of curing
 v - 4 potions of lignification
 y - 4 potions of cancellation
 K - 4 potions of invisibility
 M - 9 potions of berserk rage
 T - 3 potions of haste
 V - 4 potions of agility
Miscellaneous
 m - a phial of floods
 w - a fan of gales
 B - a stone of tremors
 C - a legendary deck of defence {the Elixir}
 J - a box of beasts
 O - a legendary deck of war {the Dance}
Comestibles
 p - 19 bread rations


   Skills:
 + Level 15.9 Fighting
 + Level 21.4 Short Blades
   Level 0.5(11.6) Long Blades
 + Level 8.6(8.8) Slings
 + Level 2.2(5.4) Throwing
 + Level 4.5 Armour
 O Level 27 Dodging
 O Level 27 Stealth
 - Level 7.0 Shields
 - Level 2.5 Spellcasting
 - Level 6.6 Charms
 - Level 2.0 Necromancy
 - Level 1.6 Air Magic
 + Level 5.6 Invocations
 + Level 8.5 Evocations


You had 18 spell levels left.
You knew the following spells:

 Your Spells              Type           Power        Failure   Level  Hunger
a - Swiftness             Chrm/Air       #.......     21%         2    ###....
b - Flight                Chrm/Air       #.........   38%         3    ####...
c - Animate Skeleton      Necr           N/A          30%         1    ##.....
d - Apportation           Tloc           #.........   71%         1    ##.....
e - Corona                Hex            #......      71%         1    ##.....
f - Summon Small Mammal   Summ           #...         71%         1    ##.....


Dungeon Overview and Level Annotations

Branches:
Dungeon (15/15)            Temple (1/1) D:6            Lair (8/8) D:10
 Shoals (5/5) Lair:3        Snake (5/5) Lair:6        Slime (6/6) Lair:6
    Orc (4/4) D:10            Elf (3/3) Orc:4        Vaults (2/5) D:14
  Crypt (3/3) Vaults:2       Tomb (1/3) Crypt:3      Depths (2/5) D:15

Altars:
Ashenzari
Cheibriados
Dithmenos
Elyvilon
Fedhas
Gozag
Kikubaaqudgha
Makhleb
Nemelex Xobeh
Okawaru
Qazlal
Ru
Sif Muna
Trog
Vehumet
Xom
Yredelemnul
Zin
The Shining One
Beogh
Jiyva

Shops:
D:5 !   D:8 *   D:10 }   D:15 *   Orc:4 ?%=*   Elf:1 :   Shoals:1 *
Shoals:4 [   Snake:1 *   Snake:2 [   Vaults:1 [   Vaults:2 =

Portals:
Hell: Depths:1

Annotations:
D:6 something behind stasis


Innate Abilities, Weirdness & Mutations

You are tiny and cannot use many weapons and most armour.
You have supernaturally acute eyesight.
You are a herbivore.
You cover ground extremely quickly.
You need consume almost no food.
Your magical capacity is low (-10% MP).
Your system is resistant to poisons.
You expend magic power (3 MP) to slightly strengthen your wands.


Message History

You are engulfed in ghostly flame.
The orb of destruction hits you!
Ouch! That really hurt!
* * * LOW HITPOINT WARNING * * *
You emit a cloud of dark smoke.
You closely miss the lich. You hit the lich.
The lich is lightly damaged.
The lich closely misses you.
You puncture the lich!
The lich is moderately damaged.
You puncture the lich!
The lich is moderately damaged.
You hit the lich but do no damage.
The lich is moderately damaged.
You hit the lich.
The lich is moderately damaged.
The lich conjures an orb of pure magic.
The wavering orb of destruction weakly hits you!
You die...

#.............................8.
#...............................
#...............................
#...............................
#..............................⌠
#............§§§§§§.............
#............§§§§§§...........[.
#...........§§§§L§..............
#...........§§§@§§..............
#............§§§§§............††
#...............§.§.............
################################


You could see a lich.

Vanquished Creatures
  the royal jelly (Slime:6)
  A greater mummy (Tomb:1)
  Margery (Vaults:2)
  Mara (Shoals:5)
  A bone dragon (Crypt:3)
  Vashnia (Snake:4)
  2 deep elf blademasters (Elf:3)
  3 liches
  Asterion (Depths:1)
  2 deep elf master archers (Elf:3)
  Polyphemus (Shoals:3)
  7 sphinxes
  19 acid blobs
  Agnes (Shoals:5)
  An octopode crusher (Depths:1)
  3 ancient champions (Crypt:3)
  Frances (Elf:1)
  3 revenants
  2 tengu reavers
  Ilsuiw (Shoals:5)
  8 azure jellies (Slime:6)
  3 fire giants
  5 greater nagas
  Wiglaf (Vaults:2)
  Maud (Lair:8)
  An orc warlord (Orc:4)
  Louise (Shoals:3)
  2 emperor scorpions (Depths:1)
  10 vault wardens
  2 curse skulls (Crypt:3)
  6 deep elf sorcerers (Elf:3)
  Gastronok (D:11)
  10 ghouls (Crypt:3)
  Jorgrun (Crypt:1)
  A caustic shrike skeleton (Crypt:1)
  6 ironheart preservers
  2 very ugly things
  9 deep elf demonologists (Elf:3)
  5 stone giants
  2 dire elephants
  7 deep elf annihilators (Elf:3)
  4 vampire knights
  2 bennus (Tomb:1)
  8 vault guards
  4 death oozes
  2 mummy priests (Tomb:1)
  Snorg (Lair:5)
  9 deep elf death magi
  4 merfolk javelineers (Shoals:5)
  7 jiangshi
  6 merfolk impalers
  2 eidola
  2 fire dragons
  3 deep elf high priests
  Josephine (D:11)
  2 ettins (Depths:2)
  5 great orbs of eyes
  A minotaur (Depths:1)
  4 ice dragons
  Fannar (D:11)
  Harold (Lair:6)
  A yaktaur captain (Vaults:1)
  18 naga warriors
  8 hydras
  A rakshasa (Depths:2)
  Erica (Lair:2)
  2 deep troll earth magi
  4 merfolk aquamancers
  14 dancing weapons (Elf:2)
  A merfolk avatar (Shoals:5)
  7 centaur warriors
  10 anacondas
  A tengu warrior (Depths:1)
  2 satyrs
  4 ogre magi
  4 deep troll shamans
  8 death yaks
  5 shock serpents
  6 vampire magi
  14 naga sharpshooters
  6 orc high priests
  4 salamander mystics
  3 catoblepae
  4 iron trolls
  4 soul eaters
  3 skeletal warriors (Crypt:1)
  9 deep trolls
  22 deep elf knights
  7 death scarabs (Tomb:1)
  3 shadow wraiths
  4 flayed ghosts
  13 sea snakes
  5 hell knights (Vaults:2)
  An unseen horror (shapeshifter) (Depths:2)
  9 orc knights
  A shadow demon (Elf:3)
  An ice devil (Elf:3)
  8 naga ritualists
  8 hill giants
  11 necromancers
  An ice statue (IceCv)
  10 deep elf summoners
  A giant orange brain (Slime:3)
  18 deep elf conjurers
  4 anubis guards (Tomb:1)
  7 shining eyes
  An anaconda skeleton (Crypt:3)
  3 wizards
  9 ironbrand convokers
  An orb spider (shapeshifter) (Vaults:1)
  5 harpies
  A guardian serpent (Lair:7)
  6 oklob plants
  2 hornets
  A frost giant zombie (Crypt:3)
  2 lindwurms (Lair:8)
  2 wolf spiders
  4 fauns (Shoals:4)
  7 mana vipers
  6 ugly things
  7 water nymphs
  4 elephants (Lair:4)
  6 phantasmal warriors
  7 cyclopes
  4 sirens
  14 salamanders
  13 griffons
  12 manticores
  2 orc sorcerers
  2 sixfirhies
  13 vault sentinels
  2 dire elephant zombies (Crypt:3)
  3 eyes of devastation
  7 torpor snails
  25 naga magi
  Joseph (D:7)
  36 black mambas
  The ghost of ketsa the Archer, an experienced CeHu of the Shining One (Ossuary)
  A black draconian zombie (Crypt:2)
  A storm dragon simulacrum (Vaults:2)
  Psyche (Orc:2)
  13 spiny frogs
  17 yaktaurs
  2 titan simulacra
  An elf (shapeshifter) (D:13)
  3 fire drakes
  A yellow draconian zombie (Crypt:1)
  An alligator snapping turtle skeleton (Crypt:2)
  A yaktaur (shapeshifter) (Vaults:2)
  An emperor scorpion zombie (Depths:1)
  6 guardian mummies (Tomb:1)
  The ghost of BLOAX the Slasher, an experienced DEFi (D:7)
  2 kobold demonologists
  A tengu conjurer (Depths:1)
  13 komodo dragons
  A black draconian skeleton (Crypt:3)
  14 deep elf priests
  2 wind drakes (Shoals:5)
  5 freezing wraiths
  A ghoul skeleton (Crypt:3)
  A polar bear (shapeshifter) (Elf:1)
  4 giant leeches (Lair:8)
  41 merfolk
  6 trolls
  2 polar bears
  Sonja (Shoals:1)
  A wind drake (shapeshifter) (Vaults:2)
  2 boulder beetles
  An efreet (D:15)
  2 ravens (shapeshifter)
  A bog body (Crypt:3)
  A silent spectre (Crypt:1)
  8 snapping turtles
  4 two-headed ogres
  131 slime creatures
  3 wandering mushrooms (Lair:8)
  2 ravens
  13 blink frogs
  3 ushabtiu (Tomb:1)
  4 basilisks
  A slime creature (shapeshifter) (Depths:1)
  8 flying skulls
  A centaur simulacrum (D:13)
  3 redbacks (Elf:1)
  A basilisk (shapeshifter) (Vaults:1)
  A fire elemental (Depths:2)
  5 shadows
  A griffon skeleton (Crypt:3)
  3 spriggan simulacra
  An ice dragon skeleton (Crypt:3)
  A deep troll skeleton (Depths:1)
  57 yaks
  7 wraiths
  28 deep elf magi
  A tarantella (Elf:1)
  14 golden eyes
  39 deep elf fighters
  2 steam dragons
  11 water elementals
  14 humans (D:14)
  7 hippogriffs
  6 wyverns
  A human simulacrum (Vaults:2)
  4 vampires
  10 vampire mosquitoes
  A black mamba skeleton (Crypt:1)
  A human (shapeshifter) (Elf:1)
  47 nagas
  21 wolves
  2 wargs
  Menkaure (D:5)
  2 mottled dragons
  35 water moccasins
  14 porcupines
  A raven skeleton (Crypt:3)
  A water nymph skeleton (Crypt:2)
  A putrid demonspawn skeleton (Crypt:3)
  21 ice beasts
  2 monstrous demonspawn skeletons
  10 eyes of draining
  2 soldier ants
  10 wasps
  5 spiders (Lair:8)
  2 swamp drakes (Lair:5)
  A black bear (shapeshifter) (Depths:1)
  5 sky beasts
  A lindwurm zombie (Crypt:2)
  3 black bears
  18 ogres
  51 orc warriors
  2 boggarts (Vaults:2)
  A boring beetle (Lair:8)
  A fire dragon simulacrum (Crypt:3)
  14 centaurs
  A swamp drake (shapeshifter) (Elf:3)
  14 crocodiles
  A snapping turtle skeleton (Crypt:3)
  11 necrophages
  Sigmund (D:7)
  7 big kobolds
  Duvessa (D:7)
  20 giant frogs
  4 brain worms
  A fire drake skeleton (Crypt:3)
  A wyvern skeleton (D:13)
  A warg zombie (Orc:4)
  6 scorpions
  A water moccasin skeleton (D:11)
  2 raiju zombies
  23 killer bees
  A wolf zombie (Crypt:3)
  A spriggan skeleton (Crypt:3)
  7 wights
  Dowan (D:7)
  10 crimson imps
  3 centaur zombies
  2 goliath beetles
  8 electric eels
  4 human zombies
  4 giant frog zombies
  39 orc priests
  2 hounds
  34 jellies
  3 centaur skeletons
  35 orc wizards
  A human skeleton (D:5)
  2 giant frog skeletons
  A bog body skeleton (Crypt:3)
  4 hell rats
  12 iguanas
  13 worker ants
  13 sheep
  A killer bee zombie (D:6)
  A dwarf zombie (Crypt:2)
  A necrophage skeleton (Crypt:3)
  A deep dwarf skeleton (Crypt:1)
  A giant frog simulacrum (D:13)
  2 hound skeletons
  8 mummies
  2 worker ant zombies
  Robin (D:3)
  34 adders
  4 gnolls (D:10)
  50 river rats
  A worm zombie (Crypt:3)
  4 shadow imps
  2 giant mites
  3 white imps
  18 worms
  6 ufetubi
  An adder skeleton (D:5)
  6 giant geckos
  185 orcs
  11 bats
  2 bat skeletons
  5 giant cockroaches
  24 goblins
  21 hobgoblins
  20 jackals
  8 quokkas
  3 ball pythons
  2 ball python skeletons (Ossuary)
  A ball python zombie (Crypt:2)
  5 giant newts
  A giant spore (D:15)
  A hobgoblin skeleton (Ossuary)
  A hobgoblin zombie (Ossuary)
  A jackal skeleton (D:4)
  30 kobolds
  A kobold zombie (Ossuary)
  6 orc skeletons
  An orc zombie (Orc:4)
  A quokka skeleton (D:7)
  11 rats
  2 ballistomycetes
  A butterfly (Lair:1)
  2 fungi
  3 plants (Lair:8)
2307 creatures vanquished.

Vanquished Creatures (collateral kills)
  A sphinx (Tomb:1)
  Roxanne (Shoals:5)
  Donald (Shoals:5)
  3 greater nagas (Snake:5)
  2 merfolk impalers (Shoals:1)
  A vault guard (D:14)
  A naga warrior (Snake:5)
  An ogre mage (Vaults:2)
  2 merfolk aquamancers (Shoals:5)
  A naga sharpshooter (Snake:5)
  3 hell knights
  2 death scarabs (Tomb:1)
  A storm dragon skeleton (Depths:1)
  A sea snake (Shoals:5)
  2 deep trolls (Vaults:1)
  A deep elf summoner (Elf:2)
  2 harpies (Shoals:5)
  An ice statue (IceCv)
  2 naga ritualists (Snake:5)
  2 mana vipers
  An anubis guard (Tomb:1)
  A deep elf conjurer (Depths:1)
  4 griffons
  3 necromancers
  A water nymph (Shoals:5)
  3 sirens
  4 naga magi
  6 merfolk
  A deep elf priest (Elf:3)
  2 two-headed ogres
  A wind drake (Shoals:5)
  2 slime creatures (Slime:1)
  2 snapping turtles
  A flying skull (Tomb:1)
  A deep elf mage (Elf:3)
  4 humans (D:14)
  A water elemental (Shoals:1)
  A deep elf fighter (Elf:3)
  A vampire mosquito (Vaults:1)
  2 fire elementals (Depths:2)
  A wolf (Lair:6)
  A golden eye (Slime:1)
  3 nagas
  2 water moccasins
  A porcupine (Lair:6)
  6 ice beasts (IceCv)
  An orc warrior (Vaults:2)
  A boggart (Vaults:2)
  A tengu (shapeshifter) (Vaults:1)
  4 human zombies (D:14)
  3 jellies (Slime:1)
  2 orc priests (Orc:2)
  An orc wizard (Orc:2)
  7 orcs
  A plant (Shoals:1)
108 creatures vanquished.

Vanquished Creatures (others)
  Nikola (Elf:1)
  An anaconda skeleton (Snake:2)
  A fire giant skeleton (Vaults:2)
  3 stone giant skeletons
  A dire elephant skeleton (Depths:1)
  A yaktaur (Vaults:1)
  4 death yak skeletons (Depths:2)
  A demonic crawler (Elf:1)
  2 merfolk
  9 chimeras
  12 human skeletons
  An ettin skeleton (Depths:2)
  A vampire (Volcano)
  A vampire mosquito (Lair:1)
  2 hill giant skeletons
  5 merfolk skeletons
  A boggart (Vaults:2)
  3 deep troll skeletons
  12 naga skeletons (Snake:5)
  3 wasps
  9 elf skeletons
  A manticore skeleton (Depths:1)
  4 lost souls
  A salamander skeleton (Depths:1)
  2 killer bees
  A hippogriff skeleton (D:14)
  A kobold skeleton (Shoals:1)
  2 hell rats (Elf:1)
  3 ogre skeletons
  A worm (Volcano)
  An orc (Orc:1)
  A giant spore (D:7)
  A bush (Lair:8)
  14 fungi
  13 plants
120 creatures vanquished.

Grand Total: 2535 creatures vanquished

Notes
Turn   | Place    | Note
--------------------------------------------------------------
     0 | D:1      | Fusha, the Spriggan Gladiator, began the quest for the Orb.
     0 | D:1      | Reached XP level 1. HP: 10/10 MP: 2/2
   133 | D:1      | Reached skill level 5 in Dodging
   154 | D:1      | Reached XP level 2. HP: 11/14 MP: 4/4
   948 | D:2      | Found a glowing golden altar of the Shining One.
  1323 | D:2      | Reached XP level 3. HP: 18/18 MP: 6/6
  1848 | D:2      | Reached skill level 6 in Dodging
  2218 | D:3      | Noticed Robin
  2529 | D:3      | Reached XP level 4. HP: 23/23 MP: 8/8
  3382 | D:3      | HP: 1/23 [orc wizard/dagger (4)]
  3387 | D:3      | Reached skill level 1 in Stealth
  3457 | D:3      | Reached skill level 7 in Dodging
  3467 | D:3      | Reached XP level 5. HP: 10/26 MP: 10/10
  4189 | D:4      | Reached skill level 8 in Dodging
  4189 | D:4      | Reached XP level 6. HP: 29/32 MP: 12/12
  4437 | D:3      | Killed Robin
  4780 | D:4      | Noticed an ogre
  4806 | D:4      | Killed an ogre
  4806 | D:4      | Reached skill level 1 in Slings
  4932 | D:4      | Reached skill level 9 in Dodging
  5423 | D:5      | Entered Level 5 of the Dungeon
  5517 | D:5      | Found Brorir's Distillery.
  5524 | D:5      | Reached XP level 7. HP: 27/35 MP: 14/14
  5542 | D:5      | Bought a potion of curing for 33 gold pieces
  5542 | D:5      | Bought a potion of might for 44 gold pieces
  5542 | D:5      | Bought a potion of agility for 44 gold pieces
  5542 | D:5      | Bought a potion of berserk rage for 55 gold pieces
  5542 | D:5      | Bought a potion of curing for 33 gold pieces
  5561 | D:5      | Noticed Menkaure
  5568 | D:5      | Killed Menkaure
  5626 | D:5      | Found a shattered altar of Ashenzari.
  5795 | D:5      | Reached skill level 10 in Dodging
  5835 | D:5      | Found a sand-covered staircase.
  5840 | Ossuary  | Entered an ossuary
  5999 | Ossuary  | Noticed a flying skull
  5999 | Ossuary  | Noticed a wraith
  6005 | Ossuary  | Noticed a flying skull
  6005 | Ossuary  | Noticed ketsa's ghost (experienced CeHu)
  6006 | Ossuary  | Noticed a flying skull
  6029 | Ossuary  | Killed ketsa's ghost
  6029 | Ossuary  | Reached skill level 5 in Short Blades
  6029 | Ossuary  | Reached skill level 11 in Dodging
  6029 | Ossuary  | Reached XP level 8. HP: 40/40 MP: 16/16
  6111 | Ossuary  | Reached skill level 5 in Stealth
  6124 | Ossuary  | Noticed a wraith
  6131 | Ossuary  | Killed a wraith
  6132 | Ossuary  | Noticed a flying skull
  6138 | Ossuary  | Noticed a flying skull
  6171 | Ossuary  | Noticed a wraith
  6175 | Ossuary  | Killed a wraith
  7034 | D:6      | Found a staircase to the Ecumenical Temple.
  7040 | Temple   | Entered the Ecumenical Temple
  7138 | D:6      | Found a glowing drain.
  7389 | D:6      | Found a deep blue altar of Sif Muna.
  7751 | D:6      | Reached skill level 12 in Dodging
  7751 | D:6      | Reached XP level 9. HP: 15/44 MP: 18/18
  8553 | D:7      | Noticed Duvessa
  8553 | D:7      | Noticed Dowan
  8567 | D:7      | Killed Duvessa
  8575 | D:7      | Killed Dowan
  8764 | D:7      | Noticed Joseph
  8986 | D:7      | Killed Joseph
  8986 | D:7      | Reached skill level 13 in Dodging
  9176 | D:7      | Noticed Sigmund
  9189 | D:7      | Killed Sigmund
  9189 | D:7      | Reached skill level 1 in Evocations
  9206 | D:7      | Noticed BLOAX's ghost (experienced DEFi)
  9600 | D:7      | Killed BLOAX's ghost
  9600 | D:7      | Reached skill level 14 in Dodging
  9620 | D:7      | Reached XP level 10. HP: 49/49 MP: 20/20
 10055 | D:8      | Found Meunas' Assorted Antiques.
 10134 | D:8      | Reached skill level 10 in Stealth
 10196 | D:8      | Found a radiant altar of Vehumet.
 10514 | D:8      | Found a glowing golden altar of the Shining One.
 10514 | D:8      | Found a glowing silver altar of Zin.
 10514 | D:8      | Found a shadowy altar of Dithmenos.
 10522 | D:8      | Became a worshipper of Dithmenos the Shadowed
 10790 | D:8      | Reached skill level 5 in Slings
 10814 | D:8      | Noticed a two-headed hydra
 10817 | D:8      | Killed a two-headed hydra
 11427 | D:9      | Reached skill level 15 in Dodging
 11565 | D:9      | Found an ancient bone altar of Kikubaaqudgha.
 11946 | D:10     | Entered Level 10 of the Dungeon
 11946 | D:10     | Noticed a hill giant
 11961 | D:10     | Killed a hill giant
 11979 | D:10     | Found Faplim's Gadget Emporium.
 12072 | D:10     | Reached XP level 11. HP: 54/54 MP: 23/23
 12193 | D:10     | Found a staircase to the Orcish Mines.
 12405 | D:10     | Acquired Dithmenos' first power
 12440 | D:10     | Found a staircase to the Lair.
 12576 | Lair:1   | Entered Level 1 of the Lair of Beasts
 13305 | Lair:1   | Learned a level 2 spell: Swiftness
 13473 | Lair:1   | Identified a +1 rod of the swarm (9/9) (You found it on level 1 of the Lair of Beasts)
 13584 | Lair:1   | Reached skill level 16 in Dodging
 13641 | Lair:1   | Reached skill level 1 in Charms
 14063 | Lair:1   | HP: 1/54 [komodo dragon (28)]
 14396 | Lair:1   | Reached skill level 5 in Fighting
 14988 | Lair:2   | Acquired Dithmenos' second power
 15124 | Lair:2   | Noticed Erica
 15146 | Lair:2   | Killed Erica
 15226 | Lair:2   | Reached skill level 17 in Dodging
 15639 | Lair:3   | Reached skill level 5 in Charms
 15860 | Lair:3   | Reached XP level 12. HP: 46/60 MP: 24/24
 15936 | Lair:3   | Found a staircase to the Shoals.
 16011 | Lair:3   | Found a glowing golden altar of the Shining One.
 16912 | Lair:4   | Found a dark tunnel.
 16917 | Volcano  | Entered a volcano
 17407 | Lair:4   | Acquired Dithmenos' third power
 17590 | Lair:4   | Reached skill level 18 in Dodging
 17812 | Lair:4   | Found a shimmering altar of Xom.
 18004 | Lair:4   | Reached skill level 5 in Evocations
 18471 | Lair:4   | Reached skill level 10 in Short Blades
 18471 | Lair:4   | Reached skill level 15 in Stealth
 18779 | Lair:5   | Noticed a five-headed hydra
 18790 | Lair:5   | Killed a five-headed hydra
 18796 | Lair:5   | Reached XP level 13. HP: 65/65 MP: 28/28
 19518 | Lair:5   | Noticed Snorg
 19530 | Lair:5   | Killed Snorg
 19789 | Lair:5   | Noticed an ice dragon
 19797 | Lair:5   | Killed an ice dragon
 19797 | Lair:5   | Reached skill level 19 in Dodging
 19885 | Lair:6   | Acquired Dithmenos' fourth power
 19888 | Lair:6   | Upgraded the game from 0.16-a0-3880-g9314259 to 0.16-a0-3911-g06eb01e
 20042 | Lair:6   | Found a staircase to the Slime Pits.
 20226 | Lair:6   | Found a staircase to the Snake Pit.
 20247 | Lair:6   | Reached skill level 1 in Invocations
 20447 | Lair:6   | Noticed Harold
 20453 | Lair:6   | Killed Harold
 20531 | Lair:6   | Learned a level 3 spell: Flight
 21746 | Lair:7   | Reached skill level 1 in Shields
 22199 | Lair:8   | Entered Level 8 of the Lair of Beasts
 22773 | Lair:8   | Found a stormy altar of Qazlal.
 24058 | Lair:8   | Reached XP level 14. HP: 70/70 MP: 29/29
 24142 | Lair:8   | Noticed Maud
 24151 | Lair:8   | Killed Maud
 24749 | Lair:8   | Found a runed door.
 25039 | Lair:8   | HP: 1/70 [giant leech (20)]
 26473 | Orc:1    | Entered Level 1 of the Orcish Mines
 26543 | Orc:1    | Reached skill level 5 in Invocations
 26980 | Orc:1    | Reached skill level 20 in Dodging
 27168 | Orc:2    | Noticed Psyche
 27181 | Orc:2    | Killed Psyche
 27284 | Orc:2    | Found a frozen archway.
 27338 | IceCv    | Entered an ice cave
 28353 | Orc:3    | Found a burning altar of Makhleb.
 28848 | Orc:3    | Found a roughly hewn altar of Beogh.
 29032 | Orc:4    | Entered Level 4 of the Orcish Mines
 29042 | Orc:4    | Noticed an orc warlord
 29708 | Orc:4    | Found a staircase to the Elven Halls.
 29745 | Elf:1    | Entered Level 1 of the Elven Halls
 31006 | Orc:4    | Found Psoisor's Food Shoppe.
 31006 | Orc:4    | Found Jatumeg's General Store.
 31010 | Orc:4    | Found Plapn's Magic Scroll Emporium.
 31011 | Orc:4    | Found Graxkid's Jewellery Emporium.
 31020 | Orc:4    | Bought a scroll of acquirement for 884 gold pieces
 31152 | Orc:4    | Killed an orc warlord
 31152 | Orc:4    | Reached XP level 15. HP: 66/75 MP: 30/30
 31601 | D:11     | Noticed Gastronok
 31690 | D:11     | Killed Gastronok
 31808 | D:11     | Noticed Fannar
 31815 | D:11     | Killed Fannar
 31815 | D:11     | Reached skill level 5 in Shields
 31879 | D:11     | Noticed Josephine
 31886 | D:11     | Killed Josephine
 32019 | D:11     | Got a clouded tin ring
 32021 | D:11     | Identified the ring of the Original Sin {rC+ Dex+6} (You found it on level 11 of the Dungeon)
 32951 | D:12     | Learned a level 1 spell: Animate Skeleton
 32953 | D:12     | Learned a level 1 spell: Apportation
 32955 | D:12     | Learned a level 1 spell: Corona
 32957 | D:12     | Learned a level 1 spell: Summon Small Mammal
 35015 | D:14     | Found a sacrificial altar of Ru.
 35504 | D:14     | Reached skill level 1 in Spellcasting
 35537 | D:14     | Found a gate to the Vaults.
 35540 | D:14     | Reached skill level 21 in Dodging
 35711 | D:15     | Entered Level 15 of the Dungeon
 35740 | D:15     | Found Goec's Assorted Antiques.
 36528 | D:15     | Found a staircase to the Depths.
 36569 | D:15     | Reached skill level 1 in Necromancy
 36835 | Depths:1 | Entered Level 1 of the Depths
 36922 | Depths:1 | Found a gateway to Hell.
 36925 | Depths:1 | Reached XP level 16. HP: 81/81 MP: 31/31
 37008 | Depths:1 | Noticed Asterion
 37011 | Depths:1 | Killed Asterion
 38533 | Depths:1 | Reached skill level 1 in Armour
 38836 | Depths:1 | Noticed a tengu reaver
 38851 | Depths:1 | Killed a tengu reaver
 39743 | Depths:1 | Found a sparkling altar of Nemelex Xobeh.
 39981 | Depths:1 | Noticed an octopode crusher
 40055 | Depths:1 | Killed an octopode crusher
 40571 | Depths:2 | Found a white marble altar of Elyvilon.
 41786 | Shoals:1 | Entered Level 1 of the Shoals
 41798 | Shoals:1 | Reached skill level 22 in Dodging
 41839 | Shoals:1 | Reached XP level 17. HP: 86/86 MP: 29/32
 41861 | Shoals:1 | Found Vyigu's General Store.
 41869 | Shoals:1 | Noticed Sonja
 41883 | Shoals:1 | Killed Sonja
 42249 | Shoals:1 | Reached skill level 1 in Air Magic
 42481 | Shoals:1 | Your ally Sonja died
 44005 | Shoals:3 | Noticed Polyphemus
 44689 | Shoals:3 | Noticed Louise
 44697 | Shoals:3 | Killed Louise
 45067 | Shoals:3 | Killed Polyphemus
 45487 | Shoals:4 | Found Vezuases' Antique Armour Shoppe.
 45844 | Shoals:5 | Entered Level 5 of the Shoals
 45844 | Shoals:5 | Noticed Donald
 46100 | Shoals:5 | Identified Sif Muna's Incunabulum of Glacial Arcane Weapons (You found it on level 5 of the Shoals)
 46109 | Shoals:5 | Noticed Ilsuiw
 46115 | Shoals:5 | Killed Ilsuiw
 46140 | Shoals:5 | Noticed Mara
 46146 | Shoals:5 | Killed Mara
 46150 | Shoals:5 | Noticed Agnes
 46335 | Shoals:5 | Killed Agnes
 46367 | Shoals:5 | Reached skill level 23 in Stealth
 46420 | Shoals:5 | Hired Styekhyg the merfolk for 299 gold.
 46424 | Shoals:5 | Gained mutation: Your system is resistant to poisons. [helix card]
 46460 | Shoals:5 | Got a faintly glowing swamp dragon armour
 46473 | Shoals:5 | Identified the +4 swamp dragon armour of the Tick {rPois+ Regen+ Int+3} (You found it on level 5 of the Shoals)
 46540 | Shoals:5 | Reached XP level 18. HP: 92/92 MP: 13/33
 46663 | Shoals:5 | Got a barnacled rune of Zot
 46817 | Shoals:5 | Killed Donald
 46944 | Shoals:5 | Noticed Roxanne
 47007 | Shoals:5 | Killed Roxanne
 47012 | Shoals:5 | Identified Roxanne's Grimoire of Dusty Shape Shifting (You took it off Roxanne on level 5 of the Shoals)
 47110 | Shoals:5 | Reached skill level 15 in Short Blades
 47118 | Shoals:5 | Got a bound bronze ring
 47120 | Shoals:5 | Identified the ring of Gahaz {SustAb rC++} (You found it on level 5 of the Shoals)
 47531 | Lair:3   | Upgraded the game from 0.16-a0-3911-g06eb01e to 0.16-a0-3920-g0a6a257
 47706 | Slime:1  | Entered Level 1 of the Pits of Slime
 48623 | Snake:1  | Entered Level 1 of the Snake Pit
 48669 | Snake:1  | Your ally Styekhyg died
 48804 | Snake:1  | Found a white marble altar of Elyvilon.
 49279 | Snake:1  | Found Uxi Simalurch's General Store.
 49287 | Snake:1  | Bought a potion of heal wounds for 80 gold pieces
 49756 | Snake:2  | Found Phaqysonao's Armour Boutique.
 50011 | Snake:2  | Found a stormy altar of Qazlal.
 50103 | Snake:2  | Reached skill level 24 in Stealth
 51537 | Snake:4  | Noticed Vashnia
 51545 | Snake:4  | Killed Vashnia
 51902 | Snake:4  | Reached skill level 25 in Stealth
 52222 | Snake:5  | Entered Level 5 of the Snake Pit
 52238 | Snake:5  | Got a polished hat
 52249 | Snake:5  | Identified the +0 hat "Oqacoz" {rElec rF- rCorr Str+4 Int-5} (You acquired it on level 5 of the Snake Pit)
 52285 | Snake:5  | Reached XP level 19. HP: 98/98 MP: 34/34
 53467 | Snake:5  | Reached skill level 10 in Fighting
 54107 | Snake:5  | Got a serpentine rune of Zot
 54728 | Slime:2  | Gained mutation: Your magical capacity is low (-10% MP). [a shining eye]
 55508 | Slime:2  | Reached skill level 26 in Stealth
 57460 | Slime:5  | Gained mutation: Your body is slowly deteriorating. [a shining eye]
 57658 | Slime:6  | Entered Level 6 of the Pits of Slime
 57687 | Slime:6  | Reached XP level 20. HP: 104/104 MP: 31/31
 58111 | Slime:6  | Noticed the royal jelly
 58114 | Slime:6  | Found a viscous altar of Jiyva.
 58174 | Slime:6  | Killed the royal jelly
 58174 | Slime:6  | Reached skill level 27 in Stealth
 58789 | Slime:6  | Identified the Handbook of the Frostbite (You found it on level 6 of the Pits of Slime)
 58828 | Slime:6  | Got a twisted dagger
 58829 | Slime:6  | Identified the +5 dagger of Houdei {freeze, Int+2 Stlth+} (You found it on level 6 of the Pits of Slime)
 58949 | Slime:6  | Gained mutation: You have a pair of small horns on your head. [a shining eye]
 59023 | Slime:6  | Got a slimy rune of Zot
 59223 | Slime:2  | Gained mutation: You are frail (-10% HP). [a shining eye]
 59224 | Slime:2  | Gained mutation: You expend magic power (3 MP) to slightly strengthen your wands. [a shining eye]
 59390 | Snake:2  | Lost mutation: Your body is slowly deteriorating. [potion of cure mutation]
 59390 | Snake:2  | Lost mutation: You have a pair of small horns on your head. [potion of cure mutation]
 59390 | Snake:2  | Lost mutation: You are frail (-10% HP). [potion of cure mutation]
 59749 | Elf:1    | Found Plu Teox's Book Shop.
 59928 | Elf:1    | Noticed Frances
 59953 | Elf:1    | Killed Frances
 60082 | Elf:1    | Noticed Nikola
 60105 | Elf:1    | Killed Nikola
 60156 | Elf:1    | Your ally Frances died
 60496 | Orc:4    | Bought a scroll of enchant weapon for 127 gold pieces
 61436 | Elf:2    | Found a runed gate.
 61437 | Elf:2    | Found a runed gate.
 61437 | Elf:2    | Found a runed gate.
 62403 | Elf:3    | Entered Level 3 of the Elven Halls
 63179 | Elf:2    | Reached XP level 21. HP: 110/110 MP: 31/31
 63283 | Elf:3    | Found a portal to a secret trove of treasure.
 63896 | Elf:3    | Got a bloodstained robe
 63921 | Elf:3    | Identified the +1 robe of Quvioc {rElec MP+9 Dex-4} (You took it off a deep elf demonologist on level 3 of the Elven Halls)
 64032 | Elf:3    | Got a transparent cloak
 64043 | Elf:3    | Identified the +2 cloak of the Bells {Regen+ Int+6 SInv} (You found it on level 3 of the Elven Halls)
 64097 | Elf:3    | Got a shimmering cloak
 64108 | Elf:3    | Identified the +1 cloak of Qetsigoda {+Fly Str+3} (You found it on level 3 of the Elven Halls)
 64155 | Elf:3    | Identified the Catalogue of Weightlessness (You found it on level 3 of the Elven Halls)
 64679 | Vaults:1 | Entered Level 1 of the Vaults
 65566 | Vaults:1 | Found Wommapuy's Armour Emporium.
 66757 | D:15     | Bought a scroll of enchant armour for 187 gold pieces
 67059 | D:8      | Bought 2 scrolls of enchant armour for 420 gold pieces
 67932 | Elf:3    | You paid a toll of a +5 ice dragon armour to enter a treasure trove
 67933 | Trove    | Entered a treasure trove
 67964 | Trove    | Got a polished troll leather armour
 67968 | Trove    | Got a thick robe
 67976 | Trove    | Got a steaming cloak
 67980 | Trove    | Got a shimmering cloak
 67982 | Trove    | Got a shadowed robe
 68050 | Elf:3    | Identified the +3 robe of the Lonely Nights {rC++} (You found it in a treasure trove)
 68060 | Elf:3    | Identified the +4 troll leather armour "Mnaps" {-Tele rElec rC++ Regen+ Str+4 Int-4} (You found it in a treasure trove)
 68072 | Elf:3    | Identified the +2 robe of the Vacuum {rC+ Dex+3} (You found it in a treasure trove)
 68089 | Elf:3    | Identified the +1 cloak of the Morning Star {-Tele rElec Dex+4 Stlth+} (You found it in a treasure trove)
 68099 | Elf:3    | Identified the +4 cloak of Insatiable Hunger {rF+ MR+} (You found it in a treasure trove)
 68718 | Vaults:2 | Noticed Wiglaf
 68726 | Vaults:2 | Killed Wiglaf
 69002 | Vaults:2 | Noticed Margery
 69019 | Vaults:2 | Reached XP level 22. HP: 120/120 MP: 32/32
 69028 | Vaults:2 | Killed Margery
 69785 | Vaults:2 | Found Uriakif's Jewellery Emporium.
 69791 | Vaults:2 | Bought a cursed amulet of inaccuracy for 38 gold pieces
 69824 | Vaults:2 | Found a staircase to the Crypt.
 69832 | Crypt:1  | Entered Level 1 of the Crypt
 70017 | Crypt:1  | Noticed Jorgrun
 70100 | Crypt:1  | Killed Jorgrun
 70834 | Crypt:2  | Reached skill level 15 in Fighting
 71242 | Crypt:3  | Entered Level 3 of the Crypt
 71363 | Crypt:3  | Found a staircase to the Tomb.
 72128 | Crypt:3  | Reached skill level 27 in Dodging
 72547 | Tomb:1   | Entered Level 1 of the Tomb of the Ancients
 72587 | Tomb:1   | Got a crystal dagger
 72588 | Tomb:1   | Identified the +10 dagger "Soitauh" {flame, Int+4} (You found it on level 1 of the Tomb of the Ancients)
 72975 | Tomb:1   | Noticed a greater mummy
 73064 | Tomb:1   | Killed a greater mummy
 73334 | Tomb:1   | Reached XP level 23. HP: 128/128 MP: 33/33
 73416 | Tomb:1   | Got a warped robe
 73706 | Tomb:1   | Blown up by a lich

Action                   |  1- 3 |  4- 6 |  7- 9 | 10-12 | 13-15 | 16-18 | 19-21 | 22-24 || total
-------------------------+-------+-------+-------+-------+-------+-------+-------+-------++-------
Melee: Rapier            |   160 |   258 |   277 |  1001 |  1791 |       |       |       ||  3487
       Falchion          |       |       |       |       |   128 |       |       |       ||   128
       Quick blade       |       |       |       |       |  1197 |  2900 |  3033 |  1113 ||  8243
       Dagger            |       |       |       |       |       |       |   257 |   128 ||   385
 Fire: Hunting sling     |       |    28 |    34 |    46 |   113 |    62 |    14 |       ||   297
Throw: Throwing net      |       |     1 |       |     1 |     1 |       |       |       ||     3
 Cast: Animate Skeleton  |       |       |       |       |    16 |    60 |    69 |     8 ||   153
       Flight            |       |       |       |       |       |    46 |     1 |       ||    47
Invok: Shadow Step       |       |       |       |     1 |       |       |       |     1 ||     2
Evoke: Wand              |       |       |     8 |    15 |     1 |     6 |     4 |       ||    34
       Rod               |       |       |       |     2 |     2 |       |       |       ||     4
       Box of beasts     |       |       |       |       |     8 |     9 |       |       ||    17
       Deck              |       |       |       |       |     2 |    10 |       |       ||    12
  Use: Scroll            |     3 |    10 |    11 |    12 |    17 |    12 |    14 |       ||    79
       Potion            |       |     1 |     5 |     3 |     1 |     2 |     7 |     2 ||    21
 Stab: Sleeping          |     1 |     4 |    26 |    68 |   255 |   176 |   197 |    57 ||   784
       Distracted        |       |       |     2 |     5 |    28 |    33 |    29 |    17 ||   114
       Invisible         |       |       |       |     8 |       |     1 |       |       ||     9
       Held in net/web   |       |       |       |     1 |       |       |       |       ||     1
       Paralysed         |       |       |       |       |     1 |       |       |       ||     1
       Petrifying        |       |       |       |       |       |     1 |       |       ||     1
  Eat: Pizza             |       |     1 |       |     1 |     3 |     7 |     2 |     2 ||    16
       Bread ration      |       |     1 |       |       |     3 |     1 |     2 |     1 ||     8
       Fruit             |       |       |       |    12 |     6 |     9 |     2 |     3 ||    32
       Royal jelly       |       |       |       |       |       |     2 |     2 |       ||     4
